 Dungeon Crawl Stone Soup version 0.31-a0-507-gbafd7f5274 (webtiles) character file.

Game seed: 13213615226704892057

70 ytrimaz the Ruffian (level 4, 0/48 HPs)
             Began as a Demonspawn Shapeshifter on Aug 9, 2023.
             Slain by an orc
             ... wielding a +0 mace
              (3 damage)
             ... on level 3 of the Dungeon.
             The game lasted 00:02:02 (1744 turns).

ytrimaz the Ruffian (Demonspawn Shapeshifter)       Turns: 1744, Time: 00:02:03

Health: 0/48       AC: 22    Str: 17    XL:     4   Next: 4%
Magic:  0/4        EV:  2    Int: 10    God:
Gold:   116        SH:  0    Dex: 13    Spells: 3/3 levels left

rFire   . .          .
                       - Unarmed
rCold   . . .        (no shield)
rNeg    . . .        a - melded +0 animal skin
rPois   +            (helmet currently unavailable)
rElec   .            (cloak currently unavailable)
rCorr   .            (gloves currently unavailable)
SInv    .            (boots currently unavailable)
Will    +....        g - amulet of guardian spirit
Stlth   +            (no ring)
HPRegen 0.28/turn    (no ring)
MPRegen 0.09/turn

%: guardian spirit
@: tree-form, enlightened
A: stationary, stasis, torment immunity, boosted hp, (hooves 2)
a: no special abilities


You were on level 3 of the Dungeon.
You were a tree.
You visited 1 branch of the dungeon, and saw 3 of its levels.

You collected 116 gold pieces.


Innate Abilities, Weirdness & Mutations

You are a tree.
Your roots penetrate the ground, keeping you stationary.
You cannot be teleported.
You are immune to unholy pain and torment.
Your maximum health is greatly increased.
Your equipment is partially melded.
((You have hoof-like feet.))


   Skills:
 - Level 1.0 Fighting
 - Level 1.7 Dodging
 + Level 3.6 Unarmed Combat
 * Level 3.4 Shapeshifting


You had 3 spell levels left.
You didn't know any spells.
Your spell library contained the following spells:

 Spells                   Type           Power      Damage    Failure   Level
 Kiss of Death            Conj/Necr      0%         2d5       36%         1
 Confusing Touch          Hex            0%         N/A       75%         3
 Vhi's Electric Charge    Tloc/Air       0%         N/A       75%         3
 Dispel Undead            Necr           0%         3d6       98%         4
 Arcjolt                  Conj/Air       0%         1d10      100%        5
 Maxwell's Capacitive Co  Air            0%         ∞         100%        8

Inventory:

Armour
 a - a +0 animal skin (melded)
Jewellery
 g - an amulet of guardian spirit (around neck)
   (You found it on level 1 of the Dungeon)
 n - a ring of fire
   (You found it on level 2 of the Dungeon)
Talismans
 c - a beast talisman
 d - a flux talisman
 m - a serpent talisman
   (You found it on level 2 of the Dungeon)
Scrolls
 e - 3 scrolls of identify {unknown}
 i - a scroll of poison {unknown}
 k - a scroll of enchant weapon {unknown}
 q - 2 scrolls of vulnerability {unknown}
Potions
 f - a potion of attraction {unknown}
 h - a potion of enlightenment
 j - a potion of magic {unknown}
 l - a potion of cancellation {unknown}
 o - a potion of curing {unknown}
 p - 2 potions of heal wounds {unknown}

Dungeon Overview and Level Annotations

Branches:
Dungeon (3/15) Zot: 16249

Altars:
Gozag

##.# #.# #... # #.# #...
###.#########...
...............[
###...#######...#####
......# #...#...# #####.#
#..o#.!.# #.....##
#o♣<..#
#.###..##########o..# #.#
#...............#
#.###..##########...#
#.......## #...#
#######..########..$#.###
# ####...................
# #...........##....###..
# #...........##.###...


You could see an orc wizard and 2 orcs.


Message History

Your hp is fully restored (26).
Your mp is fully restored (3).
You now have 116 gold pieces (gained 13).
Things that are here:
a +0 club; a goblin corpse Key pressed, stopping explore.
There is a shaft here.
You open the door.
There is an open door here.
Key pressed, stopping explore.
Key pressed, stopping explore.
q - 2 scrolls labelled MUHAOVA JUSK
Found a stone staircase leading down.
Found a stone staircase leading up.
An orc comes into view. It is wielding a +0 falchion.
The orc shouts!
You hear a shout!
An orc comes into view. It is wielding a +0 trident.
The orc moves out of view.
You see here 14 gold pieces.
An orc is nearby!
An orc is nearby!
An orc is nearby!
An orc is nearby!
An orc is nearby!
An orc is nearby!
An orc is nearby!
An orc is nearby!
The orc shouts!
An orc comes into view. It is wielding a +0 mace.
The orc shouts!
An orc wizard comes into view. It is wielding a +0 dagger.
An orc comes into view.
It is wielding a +0 mace and quivering poisoned darts.
The orc misses you.
The orc shouts!
You punch the orc!
You kill the orc!
You have reached level 4!
You feel clever. 😎 HP[+6] MP[+1]
You now have 32 max hp (+6).
Your hp is fully restored (32).
Your mp is fully restored (4).
You barely miss the orc.
The orc hits you with a +0 falchion. 😕 HP[-3] MP[-1]
You take 3 damage, and now have 29/32 hp.
You lost 1 mp, and now have 3/4 mp.
The orc hits you with a +0 trident. The orc misses you.
There is a stone staircase leading up, spattered with blood here. 😕 HP[-3] MP[-1]
You take 3 damage, and now have 26/32 hp.
You lost 1 mp, and now have 2/4 mp.
You hit the orc. The orc hits you with a +0 trident.
The orc hits you with a +0 falchion. 😮 HP[-6] MP[-1]
You take 6 damage, and now have 20/32 hp.
You lost 1 mp, and now have 1/4 mp.
Unknown command.
You hit the orc.
You kill the orc! 😮 HP[+1]
You are too injured to fight recklessly!
Unknown command.
You are too injured to fight recklessly!
The orc barely misses you.
The orc wizard hits you but does no damage.
The orc closely misses you.
Things that are here:
a +0 trident; an orc corpse You closely miss the orc.
You kick the orc. The orc misses you. The orc hits you but does no damage.
The orc wizard hits you with a +0 dagger. 😮 HP[-1]
You take 1 damage, and now have 20/32 hp.
You barely miss the orc. Your kick misses the orc.
The orc hits you with a +0 mace.
* * * LOW HITPOINT WARNING * * *
The orc hits you with a +0 falchion!
* * * LOW HITPOINT WARNING * * *
The orc wizard hits you with a +0 dagger.
* * * LOW HITPOINT WARNING * * *
😱 HP[-14]
You take 14 damage, and now have 6/32 hp.
MASSIVE DAMAGE!! (PAUSE)
You barely miss the orc. The orc hits you with a +0 mace.
* * * LOW HITPOINT WARNING * * *
The orc barely misses you.
The orc wizard closely misses you. 😱 HP[-4] MP[-1]
You take 4 damage, and now have 2/32 hp.
You lost 1 mp, and now have 0/4 mp.
Unknown command.
Your transformation has ended.
You turn into a tree.
Your +0 animal skin melds into your body.
Your roots penetrate the ground.
The orc hits you but does no damage.
The orc wizard hits you but does no damage.
The orc hits you but does no damage. 😱 HP[+1]
You now have 48 max hp (+16).
Unknown command.
It was a potion of enlightenment.
Your roots keep you in place.
The orc hits you with a +0 mace.
You die...

Skill      XL: |  1  2 |
---------------+-------+-----
Unarmed Combat | 3 |  3.6
Shapeshifting  | 3 |  3.4
Fighting       | |  1.0
Dodging        | |  1.7

Action                     |  1- 3 |  4- 6 || total
---------------------------+-------+-------++-------
  Melee: Unarmed           |    84 |     6 ||    90
         Kick              |    11 |     1 ||    12
         Punch             |     1 |       ||     1
    Use: Potion            |       |     2 ||     2
   Stab: Sleeping          |     1 |       ||     1
 Armour: Animal skin       |    12 |     2 ||    14
         Skin              |       |     3 ||     3
  Dodge: Dodged            |    52 |     6 ||    58

Levels and vault maps discovered:
D:1:      lemuel_arrival_river_ford, layout_loops_ring, serial_park_tiny_2,
          chequers_serial_rivers_marsh, nicolae_titane
D:2:      layout_basic, basic_altar
D:3:      layout_basic

Notes
Turn   | Place    | Note
-------+----------+-------------------------------------------
     0 | D:1      | ytrimaz the Demonspawn Shapeshifter began the quest for the
                  | Orb.
     0 | D:1      | Reached XP level 1. HP: 15/15 MP: 1/1
     0 | D:1      | magus.rc [v1.9.6]
   173 | D:1      | Reached skill level 3 in Unarmed Combat
   216 | D:1      | You feel monstrous as your demonic heritage exerts itself.
   216 | D:1      | Discovered your monstrous ancestry.
   216 | D:1      | Gained mutation: You have large cloven feet. [demonic
                  | ancestry]
   216 | D:1      | Reached XP level 2. HP: 21/21 MP: 2/2
   247 | D:1      | You add the spells Vhi's Electric Charge, Arcjolt and
                  | Maxwell's Capacitive Coupling to your library.
   529 | D:1      | Reached skill level 3 in Shapeshifting
   540 | D:1      | You pick up a book of Touch and begin reading...
   540 | D:1      | You add the spells Kiss of Death, Confusing Touch and
                  | Dispel Undead to your library.
   840 | D:2      | Gained mutation: You have hoof-like feet. [demonic
                  | ancestry]
   840 | D:2      | Reached XP level 3. HP: 20/26 MP: 3/3
  1283 | D:2      | Found an opulent altar of Gozag.
  1735 | D:3      | Reached XP level 4. HP: 32/32 MP: 4/4
  1741 | D:3      | HP: 7/32 [orc/+0 falchion (7)]
  1742 | D:3      | HP: 2/32 [orc/+0 mace (5)]
  1744 | D:3      | Slain by an orc

Vanquished Creatures
  3 adders (D:2)
  2 orcs (D:3)
  3 ball pythons (D:1)
  3 bats
  4 endoplasms
  2 giant cockroaches
  7 goblins
  3 hobgoblins
  4 kobolds
  3 quokkas (D:2)
  4 frilled lizards (D:1)
  A rat (D:2)
39 creatures vanquished.

Table legend:
 A = Non-vault XP
 B = Vault XP
 C = Vault XP percentage of total XP
 D = Non-vault monster count
 E = Vault monster count
 F = Vault count percentage of total count
                 A         B        C        D         E       F
            +---------+---------+-------+---------+---------+-------
      Total |     101 |       0 |   0.0 |      39 |       0 |   0.0
            +---------+---------+-------+---------+---------+-------
        D:1 |      29 |       0 |   0.0 |      18 |       0 |   0.0
        D:2 |      62 |       0 |   0.0 |      17 |       0 |   0.0
        D:3 |      10 |       0 |   0.0 |       4 |       0 |   0.0
            +---------+---------+-------+---------+---------+-------

Skill      XL: |  1  2 |
---------------+-------+-----
Unarmed Combat | 3 |  3.6
Shapeshifting  | 3 |  3.4
Fighting       | |  1.0
Dodging        | |  1.7

Action                     |  1- 3 |  4- 6 || total
---------------------------+-------+-------++-------
  Melee: Unarmed           |    84 |     6 ||    90
         Kick              |    11 |     1 ||    12
         Punch             |     1 |       ||     1
    Use: Potion            |       |     2 ||     2
   Stab: Sleeping          |     1 |       ||     1
 Armour: Animal skin       |    12 |     2 ||    14
         Skin              |       |     3 ||     3
  Dodge: Dodged            |    52 |     6 ||    58

Illustrated notes

Table legend:
 A = Kills in this place as a percentage of kills in the entire game.
 B = Kills by you in this place as a percentage of kills by you in the entire game.
 C = Kills by friends in this place as a percentage of kills by friends in the entire game.
 D = Other kills in this place as a percentage of other kills in the entire game.
 E = Experience gained in this place as a percentage of experience gained in the entire game.
 F = Experience gained in this place divided by the number of levels of this place that you have seen.
                   A       B       C       D       E      F
               +-------+-------+-------+-------+-------+----------------------
         Total | 100.0 | 100.0 |   N/A |   N/A | 100.0 |  33.7
       Dungeon | 100.0 | 100.0 |   N/A |   N/A | 100.0 |  33.7
               +-------+-------+-------+-------+-------+----------------------

Table legend: (Time is in decaauts)
 A = Elapsed time spent in this place.
 B = Non-inter-level travel time spent in this place.
 C = Inter-level travel time spent in this place.
 D = Time resting spent in this place.
 E = Time spent auto-exploring this place.
 F = Levels seen in this place.
 G = Mean time per level.
                   A        B        C        D        E       F      G
               +--------+--------+--------+--------+--------+-----+--------+
         Total |   1749 |   1702 |     47 |      0 |   1430 |   3 |  583.0 |
       Dungeon |   1749 |   1702 |     47 |      0 |   1430 |   3 |  583.0 |
               +--------+--------+--------+--------+--------+-----+--------+

Top non-repeatable levels by time:
     D:1: 843 daAuts
     D:2: 662 daAuts
     D:3: 243 daAuts
